 Dungeon Crawl Stone Soup version 0.23.2-1-ga50397a6bc (webtiles) character file.

Game seed: 5965180210337217324

2093 Jannitor the Vexing (level 9, -1/62 HPs)
             Began as a Demonspawn Enchanter on May 1, 2019.
             Was a Plaything of Xom.
             Succumbed to a swamp dragon's poison gas
             ... on level 7 of the Dungeon.
             The game lasted 00:15:15 (10803 turns).

Jannitor the Vexing (Demonspawn Enchanter)         Turns: 10803, Time: 00:15:45

Health: -1/62      AC:  6    Str:  8 (9)  XL:     9   Next: 7%
Magic:  15/15      EV: 15    Int: 19      God:    Xom [*.....]
Gold:   1770       SH:  2    Dex: 17      Spells: 10/16 levels left

rFire    + . .     SeeInvis .   a - +1 dagger (freeze)
rCold    + . .     Gourm    .   (no shield)
rNeg     . . .     Faith    .   w - +0 robe {rC+}
rPois    .         Spirit   .   (helmet restricted)
rElec    .         Reflect  +   F - +0 cloak
rCorr    .         Harm     .   g - +2 pair of gloves {Dex+3}
MR       .....                  (no boots)
Stlth    +++.......             p - +2 amulet of reflection
HPRegen  0.20/turn              (no ring)
MPRegen  0.14/turn              f - ring of protection from fire

@: lethally poisoned (-1 -> -69)
A: antennae 1, claws 2, powered by death 1, powered by pain 1
a: Renounce Religion


You were on level 7 of the Dungeon.
You worshipped Xom.
You were a special plaything of Xom.
You were not hungry.

You visited 2 branches of the dungeon, and saw 8 of its levels.
You also visited: Ossuary.

You collected 1770 gold pieces.

Inventory:

Hand Weapons
 a - a +1 dagger of freezing (weapon)
Armour
 b - a +0 shield
 g - a +2 pair of gloves of dexterity (worn)
 w - a +0 robe of cold resistance (worn)
 F - a +0 cloak (worn)
Jewellery
 c - an uncursed ring of fire
 f - a ring of protection from fire (right hand)
 p - a +2 amulet of reflection (around neck)
 A - an uncursed ring of protection from fire
Wands
 l - a wand of digging (5)
 q - a wand of flame (14)
 t - a wand of enslavement (8)
 u - a wand of iceblast (8)
 v - a wand of acid (11)
 x - a wand of clouds (2)
Scrolls
 e - a scroll of teleportation
 i - 16 scrolls of identify
 k - 2 scrolls of amnesia
 n - a scroll of fog
 o - a scroll of remove curse
 r - a scroll of enchant armour
 y - 2 scrolls of vulnerability
 B - 2 scrolls of fear
Potions
 h - a potion of curing
 j - 3 potions of haste
 m - 3 potions of degeneration
 s - a potion of brilliance
 z - 2 potions of heal wounds
 C - a potion of might {unknown}
 D - a potion of resistance {unknown}
 E - 2 potions of mutation {unknown}
 G - a potion of flight {unknown}
Comestibles
 d - 10 rations


   Skills:
 + Level 2.9 Fighting
 + Level 4.9 Short Blades
 + Level 5.1 Dodging
 + Level 5.9 Stealth
 - Level 4.2 Spellcasting
 + Level 6.0 Hexes


You had 10 spell levels left.
You knew the following spells:

 Your Spells              Type           Power        Failure   Level  Hunger
a - Corona                Hex            ####...      1%          1    None
b - Ensorcelled Hibernat  Hex/Ice        ###...       6%          2    #......
c - Confuse               Hex            ####....     3%          3    ###....

Your spell library contained the following spells:

 Spells                   Type           Power        Failure   Level  Hunger
 Tukima's Dance           Hex            ####....     3%          3    ###....
 Dazzling Spray           Conj/Hex       ###...       12%         3    ###....


Dungeon Overview and Level Annotations

Branches:
Dungeon (7/15)             Temple (1/1) D:4

Altars:
Cheibriados
Fedhas
Gozag
Kikubaaqudgha
Makhleb
Nemelex Xobeh
Okawaru
Qazlal
Ru
Sif Muna
Trog
Vehumet
Wu Jian
Xom
Yredelemnul
Zin
The Shining One

Annotations:
D:2 Natasha
D:7 Dowan, Duvessa


Innate Abilities, Weirdness & Mutations

You have very sharp fingernails.
You regenerate a little health from kills.
You sometimes gain a little power by taking damage.
You have a pair of small antennae on your head.


Message History

You are too injured to fight recklessly!
You are too injured to fight recklessly!
Unknown command.
You are engulfed in poison gas.
You are lethally poisoned!
You feel sick.
A jackal zombie comes into view.
The swamp dragon barely misses you. The swamp dragon closely misses you.
The swamp dragon tramples you.
You stumble backwards!
You are engulfed in poison gas.
You are more poisoned.
* * * LOW HITPOINT WARNING * * *
x2 You feel very sick.
You hit the jackal zombie.
The jackal zombie is heavily damaged.
You are engulfed in poison gas.
You are more poisoned.
* * * LOW HITPOINT WARNING * * *
You die...
Xom howls with laughter!

#o<.# # ### #.$.# #
.#. ###o..##### #
#.. ...⌠...+.# # #..
..o..##.## # #..
...##...#### #..
#.##........
#..######'#.....####
#.Z@D°.°°).>..### #
#.#######.°...# # #
##.#### #.########
#.......>.
#########.


You could see a swamp dragon shaped shifter and a jackal zombie.

Vanquished Creatures
  2 ice beasts (D:6)
  An orc warrior (D:6)
  A sky beast (D:6)
  2 ogres
  A centaur (D:6)
  Blork the orc (D:4)
  2 bullfrogs (D:6)
  A gnoll sergeant (D:6)
  A howler monkey (D:6)
  2 crimson imps (D:6)
  3 centaur zombies (Ossuary)
  A quasit (D:5)
  An orc priest (D:6)
  3 hounds
  A jelly (D:5)
  A centaur skeleton (D:4)
  5 orc wizards
  2 bullfrog skeletons
  8 worker ants
  2 ogre zombies (Ossuary)
  2 hound zombies
  A hound skeleton (D:7)
  8 mummies
  A worker ant zombie (D:6)
  3 gnolls
  A river rat (D:5)
  9 adders
  A shadow imp (D:6)
  3 oozes
  5 adder zombies
  A worm (D:6)
  2 dart slugs
  2 leopard geckos (D:2)
  20 orcs
  A ball python (D:6)
  7 giant cockroaches
  5 goblins
  5 hobgoblins
  5 jackals
  4 kobolds
  A quokka (D:6)
  6 bats (D:2)
  4 frilled lizards
  2 goblin zombies (Ossuary)
  3 hobgoblin zombies (Ossuary)
  2 kobold zombies (Ossuary)
  A leopard gecko skeleton (D:6)
  An orc zombie (Ossuary)
  7 quokka zombies (Ossuary)
  4 rats
  6 rat zombies (Ossuary)
164 creatures vanquished.

Vanquished Creatures (collateral kills)
  An orc priest (D:5)
  An orc (D:5)
2 creatures vanquished.

Grand Total: 166 creatures vanquished

Notes
Turn   | Place    | Note
-------+----------+-------------------------------------------
     0 | D:1      | Jannitor the Demonspawn Enchanter began the quest for the
                  | Orb.
     0 | D:1      | Reached XP level 1. HP: 13/13 MP: 3/3
   439 | D:1      | Reached skill level 1 in Short Blades
  1097 | D:1      | Gained mutation: You regenerate a little health from kills.
                  | [demonic ancestry]
  1097 | D:1      | Reached XP level 2. HP: 18/19 MP: 5/5
  1427 | D:2      | Noticed Natasha
  1432 | D:2      | Learned a level 2 spell: Ensorcelled Hibernation
  1750 | D:2      | Gained mutation: You have sharp fingernails. [demonic
                  | ancestry]
  1750 | D:2      | Reached XP level 3. HP: 24/24 MP: 6/6
  2019 | D:2      | You fall through a shaft for 2 floors!
  2882 | D:3      | Reached XP level 4. HP: 27/30 MP: 4/7
  3129 | D:3      | Found a stormy altar of Qazlal.
  3395 | D:3      | Found a bloodstained altar of Trog.
  3609 | D:4      | Found a sparkling altar of Nemelex Xobeh.
  3682 | D:4      | Gained mutation: You have very sharp fingernails. [demonic
                  | ancestry]
  3682 | D:4      | Reached XP level 5. HP: 31/35 MP: 9/9
  4124 | D:4      | Noticed Blork the orc
  4134 | D:4      | Killed Blork the orc
  4139 | D:4      | Found a deep blue altar of Sif Muna.
  4198 | D:4      | Found an ornate altar of the Wu Jian Council.
  4202 | D:4      | Found an opulent altar of Gozag.
  4206 | D:4      | Found a burning altar of Makhleb.
  4262 | D:4      | Found a staircase to the Ecumenical Temple.
  4275 | D:4      | Reached skill level 4 in Hexes
  4275 | D:4      | Gained mutation: You sometimes gain a little power by
                  | taking damage. [demonic ancestry]
  4275 | D:4      | Reached XP level 6. HP: 31/41 MP: 3/10
  4408 | Temple   | Entered the Ecumenical Temple
  4560 | Temple   | Became a worshipper of Xom of Chaos
  4878 | D:5      | Entered Level 5 of the Dungeon
  4896 | D:5      | XOM: summons friendly shadow imp
  4928 | D:5      | XOM: mild Summ miscast
  4929 | D:5      | Noticed a spatial vortex
  4990 | D:5      | XOM: god gift: glass wand {god gift}
  5058 | D:5      | XOM: mild Pois miscast
  5085 | D:5      | Found a sand-covered staircase.
  5117 | D:5      | XOM: harmless Fire miscast
  5119 | Ossuary  | Entered an ossuary
  5294 | Ossuary  | Learned a level 3 spell: Confuse
  5409 | Ossuary  | XOM: noise
  5933 | Ossuary  | XOM: god gift: 1410 gold pieces
  5943 | Ossuary  | XOM: smoke on damage
  5946 | Ossuary  | Reached XP level 7. HP: 16/46 MP: 8/12
  5960 | Ossuary  | XOM is BORED!
  5960 | Ossuary  | XOM: medium Fire miscast
  6061 | Ossuary  | XOM: god gift: runed robe {god gift}
  6191 | Ossuary  | XOM: butterfly on damage
  6523 | Ossuary  | XOM: give mutation
  6523 | Ossuary  | Gained mutation: You have a pair of small antennae on your
                  | head. [Xom's grace]
  6676 | Ossuary  | XOM: cloud trail
  6990 | D:5      | XOM: scenery: 1 doors open
  7015 | D:5      | XOM: butterfly on damage
  7018 | D:5      | XOM: polymorph butterfly -> goblin
  7021 | D:5      | XOM: polymorph goblin -> river rat
  7228 | D:5      | Found a blossoming altar of Fedhas.
  7258 | D:5      | XOM: harmless Necr miscast
  7554 | D:5      | XOM: polymorph iguana -> river rat
  7603 | D:5      | XOM: cast spell 'Chain of Chaos'
  7738 | D:5      | XOM: noise
  8013 | D:6      | XOM: enchant monster (bad)
  8016 | D:6      | Reached skill level 5 in Hexes
  8041 | D:6      | XOM: harmless Conj miscast
  8063 | D:6      | XOM: enchant monster (bad)
  8080 | D:6      | Reached XP level 8. HP: 44/52 MP: 14/14
  8088 | D:6      | Reached skill level 5 in Stealth
  8123 | D:6      | XOM: 1-stop teleportation journey
  8262 | D:6      | XOM: enchant monster (bad)
  8276 | D:6      | Reached skill level 1 in Fighting
  8558 | D:6      | XOM: noise
  8599 | D:6      | XOM: cast spell 'Metabolic Englaciation'
  8724 | D:6      | XOM: mild Hex miscast
  8897 | D:6      | XOM: polymorph centaur -> hound
  9034 | D:6      | XOM: noise
  9039 | D:6      | XOM: swap monsters
  9041 | D:6      | XOM: harmless Necr miscast
  9621 | D:6      | XOM: destruction
  9655 | D:6      | Reached skill level 5 in Dodging
  9766 | D:6      | Reached skill level 6 in Hexes
  9766 | D:6      | Reached XP level 9. HP: 62/62 MP: 10/15
  9906 | D:6      | XOM: divination: detect items
  9949 | D:6      | XOM: noise
 10044 | D:6      | XOM: summons 1 hostile shadow creature
 10223 | D:6      | XOM: stat loss: -1 Str (8/9)
 10557 | D:7      | Noticed Dowan
 10559 | D:7      | Noticed Duvessa
 10780 | D:7      | XOM: polymorph something unseen -> shapeshifter
 10780 | D:7      | Noticed a komodo dragon
 10780 | D:7      | a shapeshifter changed into a komodo dragon
 10796 | D:7      | Noticed a swamp dragon
 10796 | D:7      | a komodo dragon changed into a swamp dragon
 10803 | D:7      | HP: 3/62 [swamp dragon (shapeshifter)] (6)]
 10803 | D:7      | Succumbed to a swamp dragon's poison gas

Skill      XL: |  1  2  3  4  5  6  7  8 |
---------------+-------------------------+-----
Short Blades   | 1 2 3 4 |  4.9
Dodging        | 2 3 4 5 |  5.1
Stealth        | 3 4 5 |  5.9
Spellcasting   | 3 4 |  4.2
Hexes          | 4 5 6 |  6.0
Fighting       | 2 |  2.9

Action                   |  1- 3 |  4- 6 |  7- 9 || total
-------------------------+-------+-------+-------++-------
Melee: Dagger            |   175 |   405 |   588 ||  1168
 Cast: Corona            |     1 |       |       ||     1
       Ensorcelled Hiber |     5 |    19 |    41 ||    65
       Confuse           |       |     3 |    23 ||    26
Evoke: Wand              |       |     8 |     9 ||    17
  Use: Scroll            |     5 |     3 |     9 ||    17
       Potion            |       |     2 |     4 ||     6
 Stab: Sleeping          |     9 |     8 |    26 ||    43
       Confused          |       |     3 |    15 ||    18
       Distracted        |       |     2 |     1 ||     3
  Eat: Chunk             |     5 |     4 |    13 ||    22
       Ration            |       |     3 |     2 ||     5
Armor: Robe              |    52 |    99 |   105 ||   256
Dodge: Dodged            |   145 |   229 |   334 ||   708
Block: Other             |    11 |    18 |    31 ||    60
